 Dungeon Crawl Stone Soup version 0.28-a0-1477-g273aa18710 (webtiles) character file.

Game seed: 8966312037921148103

129010 Cheeritup the Convoker (level 17, -3/128 HPs)
             Began as a Barachi Summoner on Jan 9, 2022.
             Was an Initiate of Gozag.
             Blown up by an orb spider (29 damage)
             ... with an orb of destruction
             ... on level 1 of the Spider Nest on Jan 11, 2022.
             The game lasted 03:03:55 (45274 turns).

Cheeritup the Convoker (Barachi Summoner)          Turns: 45274, Time: 03:03:56

Health: -3/128     AC: 18    Str: 21    XL:     17   Next: 4%
Magic:  17/29      EV: 18    Int: 21    God:    Gozag
Gold:   4656       SH:  0    Dex: 16    Spells: 4/32 levels left

rFire   . . .      SeeInvis .   B - +5 triple sword (vorpal)
rCold   . . .      Faith    .   (shield currently unavailable)
rNeg    . . .      Spirit   .   L - +0 leather armour of Dishonesty {Will+ Str+3 Dex+3}
rPois   .          Reflect  .   n - +2 helmet
rElec   .          Harm     .   J - +2 cloak
rCorr   .          Rampage  .   f - +2 pair of gloves
Will    ++...                   (no boots)
Stlth   ++........              Z - amulet of magic regeneration
HPRegen 0.31/turn               c - +4 ring of protection
MPRegen 0.61/turn               o - +6 ring of strength

@: forested, gold aura, slow
A: amphibious, slowness 1, strong legs 2, +LOS
a: Hop, Renounce Religion, Potion Petition, Call Merchant, Bribe Branch


You were on level 1 of the Spider Nest.
You worshipped Gozag.
Gozag was most pleased with you.
You visited 5 branches of the dungeon, and saw 25 of its levels.
You also visited: Ossuary and Ice Cave.

You collected 9101 gold pieces.
You spent 932 gold pieces at shops.
You paid 3513 gold pieces to Gozag.

Inventory:

Hand Weapons
 m - a +1 great sword of holy wrath
 B - a +5 vorpal triple sword (weapon)
Missiles
 t - 2 throwing nets
 x - 6 javelins (quivered)
Armour
 f - a +2 pair of gloves (worn)
 n - a +2 helmet (worn)
 s - the +5 chain mail "Omuttium" {rC+ SInv}
   (You found it on level 6 of the Lair of Beasts)

   rC:        It protects you from cold.
   SInv:      It lets you see invisible.
 J - a +2 cloak (worn)
 L - the +0 leather armour of Dishonesty (worn) {Will+ Str+3 Dex+3}
   (You found it on level 1 of the Lair of Beasts)

   Str:       It affects your strength (+3).
   Dex:       It affects your dexterity (+3).
   Will:      It increases your willpower.
 M - the +18 Lear's hauberk
   (You found it on level 1 of the Lair of Beasts)
 P - a +1 leather armour of resistance
 Y - a +2 ring mail of cold resistance
Magical Staves
 r - a staff of cold
Jewellery
 c - a +4 ring of protection (left hand)
 h - a ring of flight
 l - a ring of ice
 o - a +6 ring of strength (right hand)
 u - the ring "Igim Ynitt" {Drain rF+++ Will+ Str-5 Dex+6}
   (You took it off an orc on level 8 of the Dungeon)

   [ring of dexterity]

   Str:       It affects your strength (-5).
   Dex:       It affects your dexterity (+6).
   rF:        It renders you almost immune to fire.
   Drain:     It drains your maximum health when unequipped.
   Will:      It increases your willpower.
 A - a ring of poison resistance
 C - a +6 ring of dexterity
 F - a ring of resist corrosion
 W - the ring of the Shining Light {rF+ rC+}
   (You found it in an ice cave)

   [ring of protection from cold]

   rF:        It protects you from fire.
   rC:        It protects you from cold.
 Z - an amulet of magic regeneration (around neck)
Wands
 i - a wand of paralysis (7)
 w - a wand of charming (6)
 z - a wand of acid (12)
 G - a wand of mindburst (11)
 I - a wand of flame (16)
Scrolls
 k - 3 scrolls of holy word
 q - 5 scrolls of teleportation
 D - 2 scrolls of brand weapon
 E - 2 scrolls of enchant armour
 K - 4 scrolls of blinking
 V - a scroll of magic mapping
 X - a scroll of fear
Potions
 a - a potion of heal wounds
 b - 2 potions of berserk rage
 d - 4 potions of might
 e - 3 potions of flight
 g - 7 potions of ambrosia
 j - 5 potions of curing
 p - a potion of cancellation
 v - 2 potions of invisibility
 H - a potion of haste
 Q - a potion of resistance
 U - 2 potions of mutation
Miscellaneous
 y - a piece from Xom's chessboard (15/15)


   Skills:
 - Level 10.0 Fighting
 - Level 2.0(10.6) Short Blades
 + Level 17.4 Long Blades
 - Level 11.5 Polearms
 + Level 8.7 Armour
 + Level 11.6 Dodging
 - Level 1.7 Stealth
 - Level 8.0 Spellcasting
 + Level 18.9 Summonings
 - Level 3.5 Translocations
 + Level 5.2 Ice Magic
 - Level 4.5 Air Magic
 - Level 3.0 Evocations


You had 4 spell levels left.
You knew the following spells:

 Your Spells              Type           Power      Damage    Failure   Level
a - Summon Hydra          Summ           36%        N/A       3%          7
b - Call Imp              Summ           73%        N/A       0%          2
c - Call Canine Familiar  Summ           73%        N/A       0%          3
d - Summon Guardian Gole  Hex/Summ       48%        N/A       1%          3
e - Summon Lightning Spi  Summ/Air       55%        N/A       1%          4
f - Summon Forest         Summ/Tloc      26%        N/A       2%          5
g - Summon Ice Beast      Ice/Summ       56%        N/A       1%          4

Your spell library contained the following spells:

 Spells                   Type           Power      Damage    Failure   Level
 Summon Small Mammal      Summ           100%       N/A       0%          1
 Freeze                   Ice            100%       1d11      1%          1
 Shock                    Conj/Air       68%        1d7       3%          1
 Frozen Ramparts          Ice            60%        1d8       3%          3
 Ensorcelled Hibernation  Hex/Ice        38%        N/A       4%          2
 Swiftness                Air            27%        N/A       4%          3
 Static Discharge         Conj/Air       17%        N/A       5%          2
 Gell's Gravitas          Tloc           23%        N/A       6%          3
 Teleport Other           Tloc           23%        N/A       6%          3
 Airstrike                Air            13%        N/A       14%         4
 Tukima's Dance           Hex            8%         N/A       26%         3
 Hailstorm                Conj/Ice       19%        3d6       30%         4
 Ice Form                 Ice/Tmut       19%        N/A       30%         4
 Animate Dead             Necr           4%         N/A       65%         4
 Dispel Undead            Necr           8%         3d8       65%         4
 Sticky Flame             Conj/Fire      8%         2d3       65%         4
 Freezing Cloud           Conj/Ice/Air   11%        6-21      54%         5
 Metabolic Englaciation   Hex/Ice        9%         N/A       63%         5
 Lightning Bolt           Conj/Air       8%         1d21      67%         5
 Haunt                    Necr/Summ      24%        N/A       83%         7
 Blade Hands              Tmut           4%         N/A       94%         5
 Fireball                 Conj/Fire      4%         3d4       94%         5
 Irradiate                Conj/Tmut      4%         3d15      94%         5
 Dispersal                Tloc           11%        N/A       97%         6
 Simulacrum               Ice/Necr       9%         N/A       99%         6
 Eringya's Noxious Bog    Tmut/Pois      4%         N/A       100%        6
 Starburst                Conj/Fire      4%         6d3       100%        6
 Dragon Form              Tmut           4%         N/A       100%        7
 Enfeeble                 Hex            4%         N/A       100%        7
 Ignition                 Fire           4%         3d4       100%        8
 Infestation              Necr           4%         N/A       100%        8
 Maxwell's Capacitive Co  Air            13%        ∞         100%        8
 Polar Vortex             Ice            15%        N/A       100%        9


Dungeon Overview and Level Annotations

Branches:
Dungeon (15/15)            Temple (1/1) D:4            Lair (6/6) D:11
 Shoals (0/4) Lair:2       Spider (1/4) Lair:3        Slime (0/5) Lair:6
    Orc (2/2) D:11            Elf (0/3) Orc:2        Vaults (0/5) D:14
 Depths (0/4) D:15        Ossuary (visited)           IceCv (visited)

Altars:
Ashenzari
Cheibriados
Dithmenos
Elyvilon
Fedhas
Gozag
Hepliaklqana
Kikubaaqudgha
Makhleb
Nemelex Xobeh
Okawaru
Qazlal
Ru
Sif Muna
Trog
Uskayaw
Vehumet
Wu Jian
Xom
Yredelemnul
Zin
The Shining One

Shops:
Orc:2 !*?(

Annotations:
D:13 3 runed translucent doors, Afolao Buwex's ghost, journeyman DDFi; Mothrunt's ghost, journeyman GnFi
Lair:4 2 transporters, Giocatum's ghost, journeyman DsBe


Innate Abilities, Weirdness & Mutations

You are amphibious.
You cover ground slowly.
You can hop long distances.
You have an extended range of vision and can be seen from far away.


Message History

The orb spider hisses angrily.
You hit the jumping spider.
The jumping spider is almost dead.
The orb spider is distracted by your dazzling golden aura.
The jumping spider leaps!
Your dryad hits the orb spider.
The orb spider is no longer distracted by gold.
The orb spider hisses angrily.
Your seven-headed hydra disappears in a puff of smoke!
The orb spider is distracted by your dazzling golden aura.
The jumping spider leaps!
Your dryad hits the orb spider!
The orb spider is no longer distracted by gold.
Casting: Call Canine Familiar (safe; 0% risk of failure)
Confirm with . or Enter, or press ? or * to list all spells.
A four-headed hydra appears.
The jumping spider leaps!
You barely miss the jumping spider.
The jumping spider is almost dead.
Branches wave dangerously above you.
Your warg closely misses the jumping spider.
The jumping spider closely misses you. The jumping spider misses you.
Your dryad hits the orb spider. You hit the jumping spider.
You kill the jumping spider!
The orb spider is no longer distracted by gold.
The orb spider weaves a glowing orb of energy. x2
Your dryad barely misses the orb spider. 2 orbs of destruction come into view.
Branches wave dangerously above you.
The forest calms down.
The wavering orb of destruction hits your warg!!!
Your warg is blown up!
Your warg's corpse disappears in a puff of smoke!
Your four-headed hydra bites the orb spider but does no damage.
Your four-headed hydra bites the orb spider!
Your four-headed hydra bites the orb spider but does no damage.
Your four-headed hydra bites the orb spider!!
The orb spider dies!
Your dryad closely misses the orb spider.
The orb spider spins a strand of pure energy.
The orb of destruction hits you!!
You die...

♣#.♣.♣........
#.....♣.....##
#............#
$
#.......$...#
#...!.$.sR..♣
♣....$<○$..#$
#......○D.^#
♣♣....☼$..#♣
#^....@...#
#........#.#
#........♣..♣
#.#♣#♣#### .♣
♣. # #


You could see an orb spider (charged, ally target), a friendly four-headed hydra
(summoned) and a friendly dryad (summoned).

Vanquished Creatures
  3 quicksilver oozes (IceCv)
  A boulder beetle (D:8)
  4 centaur warriors
  A rakshasa (D:15)
  An ogre mage (Orc:2)
  A catoblepas (Lair:6)
  4 two-headed ogres
  5 death yaks
  Urug (D:10)
  2 skeletal warriors
  A deep troll (Orc:2)
  A glowing orange brain (shapeshifter) (D:15)
  A deep elf archer (D:14)
  A deep elf pyromancer (D:14)
  A lindwurm (Lair:6)
  A deep elf zephyrmancer (D:14)
  3 ugly things
  A wolf spider (D:11)
  2 manticores
  3 cyclopes
  A black mamba (Lair:6)
  Maurice (D:11)
  11 elephants
  12 cane toads
  A rime drake (Lair:6)
  3 centaur skeletons (D:14)
  5 komodo dragons
  A yaktaur (D:14)
  A freezing wraith (D:15)
  2 ice devils (D:12)
  A queen bee (Lair:3)
  3 entropy weaver simulacra (IceCv)
  5 trolls
  A hornet (shapeshifter) (D:11)
  16 blink frogs
  A polar bear (Lair:4)
  9 slime creatures
  5 dream sheep
  A jumping spider (Spider:1)
  A shadow (D:11)
  A centaur simulacrum (D:13)
  8 nameless horrors
  2 wyverns
  23 yaks
  5 wraiths
  A yak (shapeshifter) (D:13)
  3 steam dragons
  A human (shapeshifter) (D:14)
  4 basilisks
  A vampire mosquito (D:15)
  2 acid dragons
  2 demonic crawler simulacra (IceCv)
  11 water moccasins
  3 orc warriors
  A swamp drake (Lair:6)
  2 necrophages
  An ice beast (shapeshifter) (D:15)
  9 ogres
  A black bear (D:5)
  A wolf (Lair:1)
  A sky beast (D:8)
  7 centaurs
  2 phantoms
  8 bullfrogs
  A hornet simulacrum (D:15)
  15 killer bees
  A howler monkey (D:8)
  2 electric eels
  A jelly (D:8)
  4 centaur zombies
  6 orc priests
  2 hounds
  Jessica (D:3)
  An iguana (D:5)
  10 orc wizards
  Natasha (twice) (D:3)
  4 hell rats (Lair:1)
  A killer bee zombie (D:7)
  A hound skeleton (D:4)
  Robin (D:2)
  7 adders
  2 gnolls
  An ufetubus (D:5)
  An adder skeleton (D:4)
  An adder zombie (D:4)
  A worm (D:2)
  A dart slug (D:5)
  32 orcs
  4 ball pythons
  A bat (D:1)
  3 endoplasms
  2 giant cockroaches
  A gnoll zombie (Ossuary)
  8 goblins
  5 quokkas
  3 frilled lizards
  2 goblin zombies
  8 kobolds
  An orc zombie (Ossuary)
  7 rats
  A rat zombie (D:4)
364 creatures vanquished.

Vanquished Creatures (collateral kills)
  A sphinx (D:14)
  An azure jelly (IceCv)
  Louise (D:15)
  A very ugly thing (D:15)
  A dire elephant (Lair:6)
  Snorg (Lair:6)
  Fannar (Lair:2)
  Josephine (Lair:6)
  A fire dragon (Lair:6)
  The ghost of Gelon the Zephyrmancer, a journeyman TeAE of Vehumet (Lair:3)
  3 hydras
  An ogre mage (Orc:1)
  4 death knights
  2 centaur warriors
  4 two-headed ogres
  4 death yaks (Lair:6)
  2 tengu warriors
  3 skeletal warriors
  An orb spider (Spider:1)
  A wizard (D:15)
  A lindwurm (Lair:6)
  An orc knight (D:14)
  A swamp dragon (Lair:6)
  A deep elf zephyrmancer (D:14)
  13 ugly things
  3 deep elf pyromancers
  2 wolf spiders
  5 cyclopes
  A black mamba (Lair:5)
  A nameless horror (IceCv)
  6 manticores
  A cyclops (shapeshifter) (D:11)
  6 elephants
  2 ice statues (IceCv)
  A gargoyle (D:11)
  A torpor snail (Lair:6)
  3 unseen horrors
  7 cane toads
  2 rime drakes (Lair:6)
  4 komodo dragons
  2 freezing wraiths (D:14)
  3 yaktaurs (D:14)
  2 entropy weaver simulacra (IceCv)
  3 tengu conjurers
  A tarantella (Spider:1)
  10 blink frogs
  6 trolls
  4 meliai
  13 slime creatures
  10 dream sheep
  A jumping spider (Spider:1)
  Sigmund (D:2)
  11 yaks
  5 wraiths
  6 hogs (D:15)
  2 basilisks
  A steam dragon (D:8)
  A redback (Spider:1)
  4 vampire mosquitoes
  Menkaure (D:5)
  A warg (Orc:2)
  2 demonic crawler simulacra (IceCv)
  6 water moccasins
  2 acid dragons
  7 orc warriors
  A meliai simulacrum (D:14)
  A necrophage (D:8)
  2 ugly thing simulacra (IceCv)
  2 wolves (Lair:1)
  2 centaurs
  15 ogres
  An elf zombie (Ossuary)
  5 bullfrogs
  The ghost of MirrMurr the Sneak, an amateur SpEn (D:3)
  A scorpion (D:5)
  3 glowing shapeshifter simulacra (IceCv)
  11 killer bees (Lair:3)
  3 howler monkeys
  An electric eel (Lair:2)
  A human zombie (Ossuary)
  A gnoll shaman (D:9)
  A bullfrog skeleton (D:6)
  4 orc priests
  2 centaur skeletons
  5 iguanas (Lair:6)
  A hell rat (Lair:1)
  14 orc wizards
  A killer bee zombie (D:8)
  2 mummies (Ossuary)
  2 howler monkey zombies
  5 gnolls
  A howler monkey skeleton (D:7)
  An adder (D:4)
  A white imp (D:5)
  19 orcs
  A ball python (D:4)
  An endoplasm (D:4)
  2 hobgoblins
  A quokka (D:5)
  A gnoll zombie (Ossuary)
  3 goblins (D:2)
  4 goblin zombies (Ossuary)
  3 hobgoblin zombies (Ossuary)
  2 kobolds
  An orc zombie (Ossuary)
331 creatures vanquished.

Vanquished Creatures (others)
  Kirke (D:15)
  A great orb of eyes (D:15)
  4 hydras
  2 boulder beetles (D:11)
  A rakshasa (D:15)
  A tengu warrior (D:15)
  A two-headed ogre (Orc:2)
  A deep troll (Orc:1)
  An ugly thing (D:15)
  A deep elf pyromancer (D:11)
  2 cyclopes
  An oklob plant (Lair:3)
  An elephant (Lair:4)
  2 gargoyles (D:8)
  A cane toad (Lair:2)
  2 komodo dragons (Lair:1)
  A yaktaur (D:11)
  A hornet (D:11)
  A blink frog (Lair:1)
  A dream sheep (Lair:5)
  3 slime creatures (IceCv)
  A shadow (D:10)
  A wraith (D:15)
  13 yaks
  A demonic crawler simulacrum (IceCv)
  An acid dragon (D:10)
  3 orc warriors
  An ogre (Orc:2)
  A wolf (Lair:1)
  4 orcs
  4 bushes
  29 fungi
  96 plants
  4 snaplasher vines
  7 withered plants
196 creatures vanquished.

Grand Total: 891 creatures vanquished

Notes
Turn   | Place    | Note
-------+----------+-------------------------------------------
     0 | D:1      | Cheeritup the Barachi Summoner began the quest for the Orb.
     0 | D:1      | Reached XP level 1. HP: 13/13 MP: 3/3
   105 | D:1      | Reached skill level 5 in Summonings
   200 | D:1      | Found a faded altar of an unknown god.
   699 | D:2      | Reached XP level 2. HP: 19/19 MP: 5/5
   892 | D:2      | Learned a level 2 spell: Call Imp
  1125 | D:2      | Reached XP level 3. HP: 6/24 MP: 4/6
  1360 | D:2      | Noticed Sigmund
  1391 | D:2      | Reached skill level 6 in Summonings
  1405 | D:2      | Noticed Robin
  1419 | D:2      | Killed Robin
  1766 | D:2      | Killed Sigmund
  1767 | D:2      | Reached skill level 1 in Fighting
  1767 | D:2      | Reached skill level 7 in Summonings
  1767 | D:2      | Reached XP level 4. HP: 32/32 MP: 3/7
  1767 | D:2      | Reached XP level 5. HP: 37/37 MP: 3/8
  2392 | D:3      | Noticed Jessica
  2398 | D:3      | Killed Jessica
  2399 | D:3      | Reached XP level 6. HP: 40/43 MP: 4/9
  2441 | D:3      | Learned a level 3 spell: Call Canine Familiar
  2934 | D:3      | Found a runed translucent door.
  2935 | D:3      | Noticed MirrMurr's ghost (amateur SpEn)
  3099 | D:3      | Noticed Natasha
  3111 | D:3      | Killed Natasha
  3206 | D:3      | Noticed Natasha
  3214 | D:3      | Killed Natasha
  3308 | D:3      | Learned a level 3 spell: Summon Guardian Golem
  3335 | D:3      | Killed MirrMurr's ghost
  3447 | D:4      | Found a sand-covered staircase.
  3616 | Ossuary  | Entered an ossuary
  3647 | Ossuary  | Reached XP level 7. HP: 47/51 MP: 4/10
  4630 | D:4      | Found a staircase to the Ecumenical Temple.
  4650 | Temple   | Entered the Ecumenical Temple
  4922 | Temple   | Became a worshipper of Gozag Ym Sagoz the Greedy
  5833 | D:5      | Entered Level 5 of the Dungeon
  5972 | D:5      | Reached skill level 5 in Polearms
  5972 | D:5      | Reached XP level 8. HP: 53/60 MP: 4/11
  6043 | D:5      | Reached skill level 1 in Armour
  6043 | D:5      | Reached skill level 8 in Summonings
  6247 | D:5      | Noticed Menkaure
  6256 | D:5      | Killed Menkaure
  6257 | D:5      | Reached skill level 9 in Summonings
  6980 | D:6      | Reached skill level 10 in Summonings
  7466 | D:6      | Reached skill level 5 in Fighting
  7905 | D:6      | Reached XP level 9. HP: 66/68 MP: 12/12
  8940 | D:7      | Reached skill level 11 in Summonings
  9375 | D:7      | Identified the +4 flail "Usynk" {antimagic, rPois Will+
                  | Int+2}
  9774 | D:8      | Reached XP level 10. HP: 33/74 MP: 2/13
 10087 | D:8      | Noticed a gargoyle
 10096 | D:8      | Killed a gargoyle
 10097 | D:8      | Reached skill level 12 in Summonings
 10236 | D:8      | Noticed a boulder beetle
 10238 | D:8      | Identified the ring "Igim Ynitt" {Drain rF+++ Will+ Str-5
                  | Dex+6}
 10260 | D:8      | Killed a boulder beetle
 10261 | D:8      | Reached skill level 10 in Polearms
 11062 | D:8      | Noticed a gargoyle
 11068 | D:8      | Killed a gargoyle
 11069 | D:8      | Reached skill level 1 in Long Blades
 11453 | D:9      | Learned a level 4 spell: Summon Lightning Spire
 11709 | D:9      | You fall into a shaft and drop 2 floors!
 11748 | D:11     | Reached XP level 11. HP: 74/79 MP: 10/14
 12043 | D:11     | Reached skill level 5 in Long Blades
 12102 | D:11     | Noticed a five-headed hydra
 12111 | D:11     | Killed a five-headed hydra
 12261 | D:11     | Noticed a manticore
 12267 | D:11     | Noticed a red ugly thing
 12269 | D:11     | Upgraded the game from 0.28-a0-1435-g82390b3a13 to
                  | 0.28-a0-1444-g6c55d0bc0c
 12275 | D:11     | Noticed a brown ugly thing
 12277 | D:11     | Killed a manticore
 12299 | D:10     | Entered Level 10 of the Dungeon
 13144 | D:9      | Found a burning altar of Makhleb.
 13550 | D:10     | Noticed Urug
 13642 | D:10     | Killed Urug
 14665 | D:11     | Noticed Maurice
 14775 | D:11     | Killed Maurice
 14776 | D:11     | Reached skill level 5 in Dodging
 14904 | D:11     | Found a staircase to the Orcish Mines.
 15089 | D:11     | Noticed a boulder beetle
 15312 | D:11     | Killed a boulder beetle
 15452 | D:11     | Found a staircase to the Lair.
 15608 | D:11     | Paralysed by a hornet for 1 turns
 15877 | D:11     | Upgraded the game from 0.28-a0-1444-g6c55d0bc0c to
                  | 0.28-a0-1477-g273aa18710
 15949 | Lair:1   | Entered Level 1 of the Lair of Beasts
 15959 | Lair:1   | Noticed a four-headed hydra
 16047 | Lair:1   | Killed a four-headed hydra
 16317 | Lair:1   | Reached XP level 12. HP: 69/86 MP: 9/16
 16557 | Lair:1   | Found the +18 Lear's hauberk
 16615 | Lair:1   | Noticed a four-headed hydra
 16664 | Lair:1   | HP: 4/88 [poisoned by a cane toad]
 17078 | Lair:2   | Reached skill level 1 in Air Magic
 17082 | Lair:2   | Reached skill level 10 in Long Blades
 17082 | Lair:2   | Reached skill level 13 in Summonings
 17085 | Lair:2   | HP: 4/88 [yak (8)]
 17618 | Lair:1   | Identified the +0 leather armour of Dishonesty {Will+ Str+3
                  | Dex+3}
 17659 | Lair:1   | Killed a five-headed hydra
 17660 | Lair:1   | Reached skill level 5 in Armour
 19185 | Lair:2   | Found a blossoming altar of Fedhas.
 19265 | Lair:2   | Gained mutation: You can hop long distances. [Barachi
                  | growth]
 19265 | Lair:2   | Reached XP level 13. HP: 93/93 MP: 14/19
 19525 | Lair:2   | Found a staircase to the Shoals.
 19897 | Lair:3   | Noticed Fannar
 20149 | Lair:2   | Killed Fannar
 20995 | Lair:3   | Found a hole to the Spider Nest.
 21090 | Lair:3   | Found a runed translucent door.
 21091 | Lair:3   | Noticed Gelon's ghost (journeyman TeAE)
 21115 | Lair:3   | Killed Gelon's ghost
 21124 | Lair:3   | Identified the +0 spear "Xahet" {antimagic, rF+ Dex+6}
 21694 | Lair:4   | Found a transporter.
 21694 | Lair:4   | Noticed Giocatum's ghost (journeyman DsBe)
 21732 | Lair:4   | Reached skill level 5 in Spellcasting
 22269 | Lair:4   | Found a transporter.
 22909 | Lair:4   | Reached skill level 14 in Summonings
 23348 | Lair:5   | Reached skill level 10 in Dodging
 24097 | Lair:5   | Reached XP level 14. HP: 104/105 MP: 17/21
 24141 | Lair:5   | Identified the -5 cloak of the Alphagorgon {Dex+4}
 25440 | Lair:6   | Entered Level 6 of the Lair of Beasts
 25564 | Orc:1    | Entered Level 1 of the Orcish Mines
 26158 | Orc:2    | Entered Level 2 of the Orcish Mines
 26175 | Orc:2    | Reached skill level 15 in Summonings
 28426 | Orc:2    | Reached skill level 16 in Summonings
 28668 | Orc:2    | Found Imeoxug's Assorted Antiques.
 28690 | Orc:2    | Found Gide's Weapon Shoppe.
 28690 | Orc:2    | Found Ufoedwuc's Distillery.
 28723 | Orc:2    | Found Padonutwu's Magic Scroll Emporium.
 28726 | Orc:2    | Bought a scroll of blinking for 255 gold pieces
 28731 | Orc:2    | Bought a potion of resistance for 160 gold pieces
 28731 | Orc:2    | Bought 2 potions of might for 128 gold pieces
 28731 | Orc:2    | Bought a potion of magic for 128 gold pieces
 28731 | Orc:2    | Bought a potion of heal wounds for 80 gold pieces
 28737 | Orc:2    | Found a staircase to the Elven Halls.
 28747 | Orc:2    | Bought a scroll of amnesia for 45 gold pieces
 28747 | Orc:2    | Bought a scroll of blinking for 97 gold pieces
 28747 | Orc:2    | Bought a scroll of teleportation for 39 gold pieces
 29849 | D:11     | Learned a level 7 spell: Summon Hydra
 29855 | D:11     | Learned a level 5 spell: Summon Forest
 30110 | D:11     | Reached skill level 1 in Translocations
 30208 | D:11     | Reached skill level 15 in Long Blades
 31010 | D:12     | Reached XP level 15. HP: 68/110 MP: 22/25
 31083 | D:12     | Found a frozen archway.
 31140 | IceCv    | Entered an ice cave
 34790 | IceCv    | Found a viscous altar of Jiyva.
 34790 | IceCv    | Noticed an azure jelly
 34802 | IceCv    | Killed an azure jelly
 34803 | IceCv    | Reached skill level 17 in Summonings
 34887 | IceCv    | Got the Guide on the Frostbite
 34890 | IceCv    | Got the ring of the Shining Light {rF+ rC+}
 35360 | D:12     | Learned a level 4 spell: Summon Ice Beast
 36934 | D:13     | Found a runed translucent gate.
 36934 | D:13     | Found a runed translucent gate.
 36934 | D:13     | Found a runed translucent gate.
 36948 | D:13     | Noticed Mothrunt's ghost (journeyman GnFi)
 36949 | D:13     | Noticed Afolao Buwex's ghost (journeyman DDFi)
 37121 | D:14     | Reached skill level 18 in Summonings
 37187 | D:14     | Reached skill level 1 in Ice Magic
 38053 | D:14     | Noticed a sphinx
 38064 | D:14     | Killed a sphinx
 39006 | D:14     | Found a gate to the Vaults.
 39026 | D:14     | Reached XP level 16. HP: 104/118 MP: 28/28
 39246 | D:15     | Entered Level 15 of the Dungeon
 39246 | D:15     | Noticed Kirke
 39275 | D:15     | Noticed Louise
 39302 | D:15     | HP: 3/119 [centaur warrior/arrow (10)]
 39764 | D:15     | Found a staircase to the Depths.
 40227 | D:15     | Noticed a sphinx
 40234 | D:15     | Noticed a sphinx
 40334 | D:15     | Killed Kirke
 40489 | D:15     | Killed Louise
 41877 | Lair:6   | Noticed Josephine
 41884 | Lair:6   | Reached skill level 10 in Fighting
 41885 | Lair:6   | Killed Josephine
 42112 | Lair:6   | Reached skill level 1 in Evocations
 43286 | Lair:6   | Noticed Snorg
 43294 | Lair:6   | Killed Snorg
 43660 | Lair:6   | Identified the +5 chain mail "Omuttium" {rC+ SInv}
 44425 | Lair:6   | Identified the +4 chain mail "Woiden" {Fly rN+ Will- Dex+3}
 44501 | Lair:6   | Reached skill level 5 in Ice Magic
 44516 | Lair:6   | Reached XP level 17. HP: 36/128 MP: 14/29
 45052 | Lair:6   | Found a staircase to the Slime Pits.
 45257 | Spider:1 | Entered Level 1 of the Spider Nest
 45274 | Spider:1 | Blown up by an orb spider

Illustrated notes

Levels and vault maps discovered:
D:1:      tarquinn_simple_flora_water_f, layout_basic,
          ebering_ecumenical_altar_box, hangedman_decor_opposing
D:2:      layout_loops_corners, minmay_misc_feat_roman, uniq_robin, uniq_sigmund
D:3:      layout_basic, gammafunk_ghost_grave, minmay_misc_feat_square,
          kennysheep_nub, uniq_natasha, uniq_jessica
D:4:      layout_basic, minmay_temple_entry_grid, enter_ossuary_4,
          dk_noncrumbling_3, nicolae_concentric_dashed_squares_wild
D:5:      layout_basic, uniq_menkaure
D:6:      layout_layer_cave
D:7:      layout_gridville
D:8:      layout_loops_ring, minmay_pinched_square
D:9:      layout_irregular_city, mainiacjoe_overflow_alcove_4,
          minmay_statues_item
D:10:     layout_long_grid, uniq_urug
D:11:     hangedman_cross_veins, layout_loops_corners, uniq_maurice
D:12:     layout_loops_ring, portal_ice_cave_demonic_guard
D:13:     layout_roguey, gammafunk_ghost_cemetery, minmay_holes,
          hangedman_decor_growths
D:14:     layout_basic, hangedman_vaults_entry_quadrant_bands,
          kennysheep_minor_cross, kennysheep_donut, minmay_three_doors
D:15:     gammafunk_enter_depths_forms, layout_long_grid,
          minmay_misc_feat_four_crosses, uniq_kirke, uniq_louise
Temple:   mainiacjoe_temple_archimedes_tessellation
Lair:1:   layout_chaotic_city, nicolae_volcano_entry_hallway, grunt_megastairs_5
Lair:2:   layout_loops_ring, elwin_shoals_entry_rocks, serial_bayou,
          serial_bayou_pond_b, serial_bayou_pond_b, serial_bayou_pond_e,
          serial_bayou_shore_b, serial_bayou_crossing, serial_bayou_lake_a,
          basic_altar
Lair:3:   layout_roguey [special_room_bee], dummy_spider_entry,
          ebering_ghost_reflecting_pool, infiniplex_staircase_pool_2,
          uniq_fannar
Lair:4:   layout_gridlike, gammafunk_ghost_arena
Lair:5:   layout_roguey, nzn_random_ring, lemuel_fruit_tree, grunt_megastairs_1
Lair:6:   guppyfry_lair_end_dragon, layout_cave_pods, hangedman_lair_in_review,
          slime_dummy, uniq_snorg, uniq_josephine
Spider:1: layout_chambers
Orc:1:    layout_caves
Orc:2:    st_orc_open, layout_caves

Skill      XL: |  1  2  3  4  5  6  7  8  9 10 11 12 13 14 15 16 |
---------------+-------------------------------------------------+-----
Summonings     | 5 7 10 11 12 13 14 16 18 | 18.9
Fighting       | 1 2 4 5 6 8 10 | 10.0
Short Blades   | 2 |  2.0
Polearms       | 2 3 5 6 8 11 | 11.5
Dodging        | 3 4 5 7 10 11 | 11.6
Armour         | 1 2 6 7 8 |  8.7
Long Blades    | 4 9 11 13 15 16 17 | 17.4
Spellcasting   | 3 4 5 6 8 |  8.0
Air Magic      | 3 4 |  4.5
Translocations | 3 |  3.5
Ice Magic      | 3 5 |  5.2
Evocations     | 3 |  3.0
Stealth        | |  1.7

Action                   |  1- 3 |  4- 6 |  7- 9 | 10-12 | 13-15 | 16-18 || total
-------------------------+-------+-------+-------+-------+-------+-------++-------
Melee: Spear             |    70 |       |       |       |       |       ||    70
       Punch             |     1 |       |       |       |     1 |       ||     2
       Short sword       |     1 |       |       |       |       |       ||     1
       Scythe            |       |   116 |   296 |   122 |       |       ||   534
       Unarmed           |       |     5 |       |       |       |       ||     5
       Triple sword      |       |       |       |   205 |   516 |   223 ||   944
       Staff             |       |       |       |       |    31 |       ||    31
Throw: Javelin           |       |       |       |    11 |    32 |     5 ||    48
 Cast: Summon Small Mamm |    11 |     4 |     7 |     8 |     1 |       ||    31
       Call Imp          |     7 |     7 |    23 |    37 |    23 |     3 ||   100
       Call Canine Famil |       |     6 |    28 |    63 |    97 |    14 ||   208
       Summon Guardian G |       |     1 |     7 |    46 |    39 |     4 ||    97
       Summon Lightning  |       |       |       |    33 |    75 |     6 ||   114
       Summon Hydra      |       |       |       |       |    69 |    38 ||   107
       Summon Forest     |       |       |       |       |    13 |    20 ||    33
       Summon Ice Beast  |       |       |       |       |     5 |       ||     5
Invok: Potion Petition   |       |       |       |     1 |       |       ||     1
       Bribe Branch      |       |       |       |       |       |     1 ||     1
 Abil: Hop               |     3 |       |     2 |    14 |    10 |     2 ||    31
Evoke: Wand              |       |       |       |     5 |       |       ||     5
  Use: Scroll            |     2 |     6 |     7 |    11 |     8 |     6 ||    40
       Potion            |       |       |       |    10 |     3 |     4 ||    17
 Stab: Sleeping          |     1 |       |       |       |     1 |       ||     2
       Distracted        |     1 |     1 |     1 |     5 |    12 |     8 ||    28
       Confused          |       |     1 |       |       |       |       ||     1
Armor: Robe              |    12 |       |       |       |     5 |       ||    17
       Leather armour    |    24 |    12 |       |    33 |   323 |   104 ||   496
       Scale mail        |       |    34 |       |       |       |       ||    34
       Ring mail         |       |    34 |   230 |   253 |       |       ||   517
Dodge: Dodged            |    33 |   105 |   252 |   295 |   647 |   240 ||  1572

Table legend: (Time is in decaauts)
 A = Elapsed time spent in this place.
 B = Non-inter-level travel time spent in this place.
 C = Inter-level travel time spent in this place.
 D = Time resting spent in this place.
 E = Time spent auto-exploring this place.
 F = Levels seen in this place.
 G = Mean time per level.
                   A        B        C        D        E       F      G
               +--------+--------+--------+--------+--------+-----+--------+
         Total |  49592 |  47959 |   1633 |  15178 |  20050 |  27 | 1836.7 |
       Dungeon |  26502 |  25488 |   1014 |   5486 |  13089 |  15 | 1766.8 |
        Temple |    550 |    484 |     66 |      0 |    238 |   1 |  550.0 |
          Lair |  14078 |  13584 |    494 |   4888 |   5007 |   6 | 2346.3 |
   Spider Nest |     16 |     16 |      0 |      0 |      0 |   1 |   16.0 |
  Orcish Mines |   3831 |   3774 |     57 |   1561 |   1307 |   2 | 1915.5 |
       Ossuary |    599 |    599 |      0 |    363 |    105 |   1 |  599.0 |
      Ice Cave |   4013 |   4013 |      0 |   2879 |    302 |   1 | 4013.0 |
               +--------+--------+--------+--------+--------+-----+--------+

Top non-repeatable levels by time:
    D:11: 4105 daAuts
   IceCv: 4013 daAuts
  Lair:6: 3548 daAuts
    D:15: 2645 daAuts
   Orc:1: 2430 daAuts
  Lair:1: 2356 daAuts
  Lair:2: 2351 daAuts
  Lair:5: 2337 daAuts
     D:8: 2211 daAuts
    D:14: 1951 daAuts
  Lair:4: 1892 daAuts
     D:2: 1886 daAuts
    D:13: 1786 daAuts
     D:4: 1633 daAuts
     D:9: 1616 daAuts
